 Dungeon Crawl Stone Soup version bcrawl-1.19.1 (webtiles) character file.

Game seed: 4028058164325379040

1829 Morbidden the Grappler (level 8, -4/68 HPs)
             Began as a Minotaur Archaeologist on Nov 23, 2019.
             Was a Priest of Cheibriados.
             Slain by an orc warrior
             ... wielding a +0 battleaxe
              (5 damage)
             ... on level 6 of the Dungeon.
             The game lasted 00:11:43 (4412 turns).

Morbidden the Grappler (Minotaur Archaeologist)     Turns: 4412, Time: 00:11:44

Health: -4/68      AC: 11    Str: 25    XL:     8   Next: 86%
Magic:  9/9        EV: 14    Int: 18    God:    Cheibriados [***...]
Gold:   364        SH:  0    Dex: 16    Spells: 7/7 levels left

rFire    + . .     SeeInvis +     - Unarmed
rCold    + . .     Gourm    .   (no shield)
rNeg     . . .     Faith    .   p - +0 ring mail
rPois    +         Spirit   .   c - +1 hat
rElec    +         Reflect  .   e - +0 cloak
rCorr    +         Harm     .   f - +0 pair of hand wraps "Fists of Thunder" {+elec, rElec Slay+2}
MR       .....                  d - +1 pair of boots
Stlth    ++........             (no amulet)
HPRegen  0.21/turn              (no ring)
MPRegen  0.11/turn              o - ring of insulation

@: resistant, very slow
A: retaliatory headbutt, horns 2, see invisible, blink
a: Blink, Bend Time, Temporal Distortion, Renounce Religion


You were on level 6 of the Dungeon.
You worshipped Cheibriados.
Cheibriados was most pleased with you.
You were not hungry.

You visited 1 branch of the dungeon, and saw 6 of its levels.

You collected 364 gold pieces.

Inventory:

Armour
 c - a +1 hat (worn)
 d - a +1 pair of boots (worn)
 e - a +0 cloak (worn)
 f - the +0 pair of hand wraps "Fists of Thunder" (worn) {+elec, rElec Slay+2}

   It affects your accuracy and damage with ranged weapons and melee attacks
   (+2).
   It insulates you from electricity.
 p - a +0 ring mail (worn)
Jewellery
 a - an uncursed ring of flight
 b - an uncursed ring of ice
 o - a ring of insulation (right hand)
Wands
 r - a wand of random effects (3)
 v - a wand of disintegration (11)
Scrolls
 h - 2 scrolls of remove curse
 j - 2 scrolls of amnesia {unknown}
 m - 12 scrolls of identify
 n - 2 scrolls of teleportation
 s - 2 scrolls of fear {unknown}
 t - a scroll of enchant armour {unknown}
 y - a scroll of blinking {unknown}
 A - 2 scrolls of fog {unknown}
Potions
 u - a potion of degeneration {unknown}
 w - a potion of flight {unknown}
 x - a potion of curing {unknown}
Comestibles
 g - 14 rations {!d}
 i - 3 chunks of flesh


   Skills:
 * Level 5.2 Fighting
   Level 1.2 Maces & Flails
 + Level 4.7 Armour
 + Level 4.9 Dodging
 - Level 3.0 Stealth
   Level 2.3 Shields
 * Level 10.0 Unarmed Combat
 * Level 3.6 Invocations


You had 7 spell levels left.
You didn't know any spells.
Your spell library was empty.

Dungeon Overview and Level Annotations

Branches:
Dungeon (6/12)
 Temple: D:4-7

Altars:
Cheibriados
Okawaru
Ru
Trog

Shops:
D:5 }


Innate Abilities, Weirdness & Mutations

You reflexively headbutt those who attack you in melee.
You have a pair of horns on your head.
You have supernaturally acute eyesight. (SInv)
You can translocate small distances at will.


Message History

Unknown command.
Unknown command.
Unknown command.
It was a potion of mutation.
You feel extremely strange.
You feel jittery.
Your vision sharpens.
The jackal closely misses you. The jackal barely misses you.
The jackal bites you but does no damage.
Unknown command.
Unknown command.
Okay, then.
Okay, then.
You don't have enough health at the moment.
Unknown command.
It was a potion of resistance.
You feel protected.
The jackal bites you but does no damage. x2
The orc hits you but does no damage. The jackal bites you.
* * * LOW HITPOINT WARNING * * *
The orc warrior hits you with a +0 battleaxe.
You die...

# . . #####. .. .... ...
..o# #... #o.## #... ...
#oh.# #..# ..# #@o.## ..#
.. ##>h..# .# #.
#...#..... ##
#.####..###...# ##
#..##.........# <###
###...............
...#####.....########....
.....#....#..# ....
####....# #..## ..#


You could see an orc warrior, 3 orcs and 2 jackals.

Vanquished Creatures
  Eustachio (D:5)
  A hungry ghost (D:6)
  Menkaure (D:5)
  An ice beast (D:5)
  2 slaves (D:5)
  2 ogres (D:5)
  2 bullfrogs
  4 scorpions
  4 howler monkeys
  3 crimson imps
  2 hounds
  A bullfrog skeleton (D:5)
  A centaur skeleton (D:5)
  3 orc priests
  5 orc wizards
  A worker ant (D:3)
  A hound skeleton (D:4)
  4 gnolls
  4 adders
  2 oozes
  5 worms
  2 dart slugs
  4 leopard geckos
  13 orcs
  6 bats
  6 giant cockroaches
  7 goblins
  10 hobgoblins
  5 jackals
  3 quokkas
  A ball python (D:1)
  8 frilled lizards
  A jackal skeleton (D:3)
  9 kobolds
  6 rats
131 creatures vanquished.

Notes
Turn   | Place    | Note
-------+----------+-------------------------------------------
     0 | D:1      | Morbidden the Minotaur Archaeologist began the quest for
                  | the Orb.
     0 | D:1      | Reached XP level 1. HP: 16/16 MP: 0/0
   315 | D:1      | Reached XP level 2. HP: 23/24 MP: 1/1
   555 | D:1      | Reached XP level 3. HP: 29/29 MP: 2/2
  1004 | D:2      | Found a snail-covered altar of Cheibriados.
  1009 | D:2      | Became a worshipper of Cheibriados the Contemplative
  1325 | D:2      | Reached skill level 1 in Unarmed Combat
  1564 | D:2      | Reached XP level 4. HP: 25/37 MP: 3/3
  1737 | D:2      | Found an iron altar of Okawaru.
  1871 | D:3      | Reached * piety under Cheibriados
  2051 | D:3      | Reached skill level 2 in Unarmed Combat
  2119 | D:3      | Reached skill level 1 in Armour
  2245 | D:3      | Reached skill level 1 in Shields
  2322 | D:3      | Reached XP level 5. HP: 44/44 MP: 4/4
  2419 | D:3      | Reached skill level 1 in Invocations
  2599 | D:4      | Reached skill level 3 in Unarmed Combat
  2615 | D:4      | Reached ** piety under Cheibriados
  2615 | D:4      | Reached skill level 4 in Unarmed Combat
  2636 | D:4      | Reached XP level 6. HP: 50/51 MP: 4/6
  2734 | D:4      | Reached skill level 5 in Unarmed Combat
  2913 | D:4      | Got a dazzling dagger
  2926 | D:4      | Reached skill level 6 in Unarmed Combat
  2927 | D:4      | Identified the +1 dagger of Toanius {drain, +Rage +Fly}
                  | (You found it on level 4 of the Dungeon)
  3016 | D:4      | Reached XP level 7. HP: 48/58 MP: 7/7
  3112 | D:4      | Reached skill level 7 in Unarmed Combat
  3409 | D:5      | Entered Level 5 of the Dungeon
  3439 | D:5      | Noticed Menkaure
  3557 | D:5      | Found Umiok's Gadget Shop.
  3568 | D:5      | Killed Menkaure
  3629 | D:5      | Reached skill level 8 in Unarmed Combat
  3712 | D:5      | Identified the +8 dagger of Change {flame, rC- MR++ Dex+4}
  3852 | D:5      | Reached *** piety under Cheibriados
  3895 | D:5      | Reached XP level 8. HP: 67/67 MP: 9/9
  3961 | D:5      | Found a sacrificial altar of Ru.
  4048 | D:5      | Noticed Eustachio
  4054 | D:5      | Reached skill level 9 in Unarmed Combat
  4063 | D:5      | Killed Eustachio
  4261 | D:6      | Reached skill level 5 in Fighting
  4368 | D:6      | Reached skill level 10 in Unarmed Combat
  4373 | D:6      | Found a bloodstained altar of Trog.
  4410 | D:6      | HP: 1/68 [orc warrior/+0 battleaxe (11)]
  4411 | D:6      | Gained mutation: You can translocate small distances at
                  | will. [potion of mutation]
  4411 | D:6      | Gained mutation: You have supernaturally acute eyesight.
                  | (SInv) [potion of mutation]
  4412 | D:6      | Slain by an orc warrior

Skill      XL: |  1  2  3  4  5  6  7  8 |
---------------+-------------------------+-----
Fighting       | 2 3 4 5 |  5.2
Dodging        | 4 |  4.9
Stealth        | 3 |  3.0
Unarmed Combat | 1 2 4 6 8 10 | 10.0
Armour         | 1 2 3 4 |  4.7
Shields        | 1 2 |  2.3
Invocations    | 1 2 3 |  3.6
Maces & Flails | |  1.2

Action                   |  1- 3 |  4- 6 |  7- 9 || total
-------------------------+-------+-------+-------++-------
Melee: Whip              |    63 |       |       ||    63
       Headbutt          |    27 |    27 |    28 ||    82
       Unarmed           |   110 |   131 |   117 ||   358
       Punch             |       |       |     1 ||     1
Evoke: Wand              |       |     8 |     8 ||    16
  Use: Scroll            |     2 |     1 |     1 ||     4
       Potion            |       |       |     3 ||     3
 Stab: Sleeping          |     6 |       |       ||     6
  Eat: Chunk             |     2 |     3 |     3 ||     8
Armor: Robe              |    33 |       |       ||    33
       Ring mail         |    40 |    45 |    31 ||   116
Dodge: Dodged            |    98 |    59 |    67 ||   224
Block: Buckler           |    17 |    16 |    16 ||    49
